Marlies vs Eagles
Created - March 15, 2025 at 20:05
Goals
|
| Marlies |
0 |
2 |
2 |
4 |
| Eagles |
1 |
2 |
3 |
6 |
|
Shots
|
| Marlies |
6 |
10 |
15 |
31 |
| Eagles |
11 |
10 |
10 |
31 |
|
1st period
1. Eagles , Jack Hughes 25 (Tyler Motte 24, Matteson Iacopelli 20) at 18:55
Penalties :
Dennis Gilbert (Tor) for High sticking (Minor) at 9:15, Martin Necas (Tor) for Tripping (Minor) at 14:51
2nd period
2. Eagles , Jack Hughes 26 (Matthew Phillips 27, Pius Suter 17) at 3:33 (PP)
3. Marlies , Lias Andersson 5 (Mathieu Olivier 26, Tyler Benson 32) at 3:47
4. Eagles , Jared McCann 27 (Gabriel Vilardi 25) at 12:35
5. Marlies , Kole Sherwood 7 (Alex Formenton 13, Dmitri Samorukov 9) at 19:50
Penalties :
Tyler Benson (Tor) for Holding (Minor) at 2:56, Dennis Gilbert (Tor) for Hooking (Minor) at 14:43, Mattias Samuelsson (Col) for Cross-checking (Minor) at 17:14
3rd period
6. Marlies , Mathieu Olivier 22 (Tyler Benson 33, Lias Andersson 12) at 4:51
7. Marlies , Rasmus Dahlin 7 (Aleksi Saarela 37, Pierre-Olivier Joseph 43) at 9:42 (PP)
8. Eagles , Jared McCann 28 (Michael Carcone 27, Gabriel Vilardi 26) at 11:59 (PP)
9. Eagles , Sam Steel 18 (Matthew Phillips 28, Jared McCann 36) at 12:59
10. Eagles , Tyler Motte 18 (Gabriel Vilardi 27, Keaton Middleton 17) at 19:52 (Empty Net)
Penalties :
Aleksi Saarela (Tor) for Tripping (Minor) at 2:04, Michael Carcone (Col) for Holding (Minor) at 9:29, Aleksi Saarela (Tor) for Cross-checking (Minor) at 11:49
Goalie Stats
Logan Thompson (Tor), 25 saves from 30 shots - (0.833), L, 12-18-3, 59:09 minutes
Adin Hill (Col), 27 saves from 31 shots - (0.871), W, 22-13-4, 60:00 minutes
Players Stats for Marlies
Player Name G A P +/- PIM S H SB GA TA FO MP PP MP PK MP
------------------------------------------------------------------------------------
Aleksi Saarela 0 1 1 -1 4 5 1 2 0 1 12/27 22:26 1:08 2:33
Alex Formenton 0 1 1 -1 0 2 1 0 0 0 0/0 12:15 0:06 1:57
Arthur Kaliyev 0 0 0 0 0 1 0 0 0 0 0/0 6:56 0:00 0:00
Dennis Gilbert 0 0 0 -1 4 1 2 1 1 0 0/0 19:26 0:46 2:03
Dmitri Samorukov 0 1 1 1 0 0 1 1 0 0 0/0 12:06 0:00 0:39
Isac Lundestrom 0 0 0 1 0 0 1 0 0 0 0/3 10:47 0:10 2:28
Jacob Bernard-Docker 0 0 0 1 0 0 0 1 0 0 0/0 12:52 0:00 1:15
Joel Farabee 0 0 0 -1 0 3 0 0 1 0 1/1 20:07 1:12 0:15
Kole Sherwood 1 0 1 -1 0 3 0 0 0 0 0/0 10:43 0:06 0:00
Lias Andersson 1 1 2 1 0 2 1 0 0 0 9/15 13:27 0:00 0:34
Lucas Carlsson 0 0 0 -1 0 0 0 1 0 0 0/0 20:26 0:46 3:15
Martin Necas 0 0 0 -1 2 3 2 0 1 0 1/2 19:14 1:12 0:00
Mathieu Olivier 1 1 2 1 0 3 0 0 1 0 1/1 15:16 0:54 1:44
Matthew Highmore 0 0 0 -2 0 0 0 0 0 0 5/10 14:39 0:54 3:45
Otto Koivula 0 0 0 0 0 1 0 1 0 0 0/0 7:25 0:00 0:00
Pierre-Olivier Joseph 0 1 1 -1 0 1 1 2 0 1 0/0 27:39 1:26 5:07
Rasmus Dahlin 1 0 1 -1 0 2 1 3 1 4 0/0 27:36 1:26 5:07
Tyler Benson 0 2 2 1 2 4 4 2 0 0 1/2 17:51 0:54 4:10
Players Stats for Eagles
Player Name G A P +/- PIM S H SB GA TA FO MP PP MP PK MP
------------------------------------------------------------------------------------
Brett Leason 0 0 0 0 0 3 0 0 0 0 0/0 8:35 0:42 0:00
Connor Carrick 0 0 0 1 0 0 1 0 1 0 0/0 19:03 0:55 1:28
Gabriel Vilardi 0 3 3 2 0 5 1 0 1 0 1/2 19:06 3:32 0:00
Jack Dougherty 0 0 0 1 0 1 1 0 0 0 0/0 21:29 4:13 0:44
Jack Hughes 2 0 2 -1 0 3 1 1 0 0 9/23 18:56 4:11 0:26
Jared McCann 2 1 3 2 0 6 2 0 0 1 18/25 20:55 3:32 1:12
Jonathan Racine 0 0 0 -1 0 1 0 0 0 0 0/0 19:05 3:35 0:31
Keaton Middleton 0 1 1 1 0 2 1 3 0 1 0/0 23:35 4:13 1:12
Kevin Bahl 0 0 0 -1 0 1 0 3 0 1 0/0 15:17 0:00 0:29
Matteson Iacopelli 0 1 1 0 0 1 1 0 2 0 0/1 15:54 0:46 0:00
Matthew Phillips 0 2 2 0 0 0 0 0 1 0 0/1 14:48 4:11 0:00
Mattias Samuelsson 0 0 0 1 2 1 1 0 0 0 0/0 21:33 4:30 0:00
Michael Carcone 0 1 1 1 2 2 1 0 0 0 1/1 18:43 3:32 0:41
Michael Dal Colle 0 0 0 -1 0 2 0 0 0 0 0/0 9:02 0:32 0:48
Pius Suter 0 1 1 0 0 0 1 0 1 2 1/1 14:56 4:11 0:07
Sam Steel 1 0 1 0 0 2 1 0 0 0 1/6 10:55 0:12 0:00
Tyler Motte 1 1 2 1 0 1 1 1 0 0 0/0 16:40 0:00 1:10
Zach Aston-Reese 0 0 0 -1 0 0 0 0 0 0 0/1 9:14 0:48 0:00
3 Stars
1 - Jared McCann (Col)
2 - Gabriel Vilardi (Col)
3 - Jack Hughes (Col)
Power Play
Marlies - 1 on 2 Attempt(s) - 50.00%
Eagles - 2 on 6 Attempt(s) - 33.33%
Penalty Kill
Marlies - 4 on 6 Attempt(s) - 66.67%
- Score 0 goal in Penalty Kill
Eagles - 1 on 2 Attempt(s) - 50.00%
- Score 0 goal in Penalty Kill
Team Stat
Marlies - Hits : 15 - Faceoff Wins : 30 - Blocked Shots : 14 - Penalty Minutes : 12
Eagles - Hits : 13 - Faceoff Wins : 31 - Blocked Shots : 8 - Penalty Minutes : 4
Official
Referees : Dan Kelly and Ian Walsh
Linesman : Derek Amell and Bryan Pancich
Game Notes
9:42 of 3rd period - Marlies goal is going for a video replay. After video review, Goal.
Tyler Motte has scored in a empty net!
Finance
Level 1 -- Attendance: 1678 (83.90%) -- Ticket Income $117,460
Level 2 -- Attendance: 861 (86.10%) -- Ticket Income $34,440
Total Attendance: 2539 (84.63%)
Total Ticket Income: $151,900
Other Income: $7,595
Total Income: $159,495
Marlies
5 vs 5 Forward
Center Left Wing Right Wing Time % Phy DF OF
1 Aleksi Saarela Joel Farabee Martin Necas 40 1 2 2
2 Lias Andersson Tyler Benson Mathieu Olivier 30 1 2 2
3 Matthew Highmore Alex Formenton Kole Sherwood 20 1 2 2
4 Isac Lundestrom Otto Koivula Arthur Kaliyev 10 1 2 2
5 vs 5 Defense
Defense Defense Time % Phy DF OF
1 Pierre-Olivier Joseph Rasmus Dahlin 40 1 2 2
2 Lucas Carlsson Dennis Gilbert 30 1 2 2
3 Dmitri Samorukov Jacob Bernard-Docker 20 1 2 2
4 Rasmus Dahlin Pierre-Olivier Joseph 10 1 2 2
PowerPlay Forward
Center Left Wing Right Wing Time % Phy DF OF
1 Aleksi Saarela Joel Farabee Martin Necas 60 1 2 2
2 Matthew Highmore Tyler Benson Mathieu Olivier 40 1 2 2
PowerPlay Defense
Defense Defense Time % Phy DF OF
1 Pierre-Olivier Joseph Rasmus Dahlin 60 1 2 2
2 Lucas Carlsson Dennis Gilbert 40 1 2 2
Penalty Kill 4 Players Forward
Center Wing Time % Phy DF OF
1 Aleksi Saarela Tyler Benson 60 1 2 2
2 Matthew Highmore Mathieu Olivier 40 1 2 2
Penalty Kill 4 Players Defense
Defense Defense Time % Phy DF OF
1 Pierre-Olivier Joseph Rasmus Dahlin 60 1 2 2
2 Lucas Carlsson Dennis Gilbert 40 1 2 2
Penalty Kill - 3 Players Forward
Forward Time % Phy DF OF
1 Aleksi Saarela 60 1 2 2
2 Tyler Benson 40 1 2 2
Penalty Kill - 3 Players Defense
Defense Defense Time % Phy DF OF
1 Pierre-Olivier Joseph Rasmus Dahlin 60 1 2 2
2 Lucas Carlsson Dennis Gilbert 40 1 2 2
4 vs 4 Forward
Center Wing Time % Phy DF OF
1 Aleksi Saarela Tyler Benson 60 1 2 2
2 Matthew Highmore Martin Necas 40 1 2 2
4 vs 4 Defense
Defense Defense Time % Phy DF OF
1 Pierre-Olivier Joseph Rasmus Dahlin 60 1 2 2
2 Lucas Carlsson Dennis Gilbert 40 1 2 2
Last Minutes Offensive
Center Left Wing Right Wing Defense Defense
Aleksi Saarela Joel Farabee Martin Necas Pierre-Olivier Joseph Rasmus Dahlin
Last Minutes Defensive
Center Left Wing Right Wing Defense Defense
Aleksi Saarela Tyler Benson Mathieu Olivier Pierre-Olivier Joseph Lucas Carlsson
Goaltenders
Starting : Logan Thompson
Backup : Maxime Lagace
Extra Forwards
Normal : Tyler Benson, Joel Farabee, Otto Koivula - PP : Tyler Benson, Mathieu Olivier - PK : Matthew Highmore
Extra Defensemen
Normal : Lucas Carlsson, Dmitri Samorukov, Rasmus Dahlin - PP : Dmitri Samorukov - PK : Jacob Bernard-Docker, Dennis Gilbert
Penalty Shots
Aleksi Saarela, Tyler Benson, Martin Necas, Joel Farabee, Alex Formenton
Custom OT Lines Forwards
Aleksi Saarela, Tyler Benson, Martin Necas, Mathieu Olivier, Alex Formenton, Joel Farabee, Kole Sherwood, Lias Andersson, Matthew Highmore, Otto Koivula
Custom OT Lines Defensemen
Pierre-Olivier Joseph, Lucas Carlsson, Rasmus Dahlin, Dennis Gilbert, Dmitri Samorukov
Scratches
Jonathan Gruden (Healthy), Jakob Forsbacka-Karlsson (Healthy), Keaton Thompson (Suspend), Xavier Bernard (Healthy), Jonathan Davidsson (Healthy)
Hugh McGing (Healthy), Jan Jenik (Healthy), Blake Murray (Healthy), Vasili Podkolzin (Healthy), Samuel Fagemo (Healthy)
Veini Vehvilainen (Healthy), Matthew Thiessen (Healthy)
Eagles
5 vs 5 Forward
Center Left Wing Right Wing Time % Phy DF OF
1 Jared McCann Michael Carcone Gabriel Vilardi 35 1 2 2
2 Jack Hughes Tyler Motte Matteson Iacopelli 34 1 2 2
3 Sam Steel Pius Suter Matthew Phillips 21 1 2 2
4 Zach Aston-Reese Michael Dal Colle Brett Leason 10 1 2 2
5 vs 5 Defense
Defense Defense Time % Phy DF OF
1 Connor Carrick Keaton Middleton 33 1 2 2
2 Jack Dougherty Mattias Samuelsson 32 1 2 2
3 Kevin Bahl Jonathan Racine 30 1 3 1
4 Keaton Middleton Mattias Samuelsson 5 1 2 2
PowerPlay Forward
Center Left Wing Right Wing Time % Phy DF OF
1 Jared McCann Michael Carcone Gabriel Vilardi 50 1 1 3
2 Jack Hughes Pius Suter Matthew Phillips 50 1 1 3
PowerPlay Defense
Defense Defense Time % Phy DF OF
1 Jack Dougherty Keaton Middleton 50 1 1 3
2 Jonathan Racine Mattias Samuelsson 50 1 1 3
Penalty Kill 4 Players Forward
Center Wing Time % Phy DF OF
1 Jared McCann Tyler Motte 65 1 3 1
2 Sam Steel Gabriel Vilardi 35 1 3 1
Penalty Kill 4 Players Defense
Defense Defense Time % Phy DF OF
1 Connor Carrick Keaton Middleton 65 1 3 1
2 Mattias Samuelsson Jack Dougherty 35 1 3 1
Penalty Kill - 3 Players Forward
Forward Time % Phy DF OF
1 Jared McCann 65 1 4 0
2 Tyler Motte 35 1 4 0
Penalty Kill - 3 Players Defense
Defense Defense Time % Phy DF OF
1 Connor Carrick Keaton Middleton 70 1 4 0
2 Jack Dougherty Mattias Samuelsson 30 1 4 0
4 vs 4 Forward
Center Wing Time % Phy DF OF
1 Jared McCann Michael Carcone 50 1 2 2
2 Jack Hughes Gabriel Vilardi 50 1 2 2
4 vs 4 Defense
Defense Defense Time % Phy DF OF
1 Connor Carrick Jack Dougherty 50 1 2 2
2 Keaton Middleton Jonathan Racine 50 1 2 2
Last Minutes Offensive
Center Left Wing Right Wing Defense Defense
Jack Hughes Michael Carcone Gabriel Vilardi Keaton Middleton Jack Dougherty
Last Minutes Defensive
Center Left Wing Right Wing Defense Defense
Jared McCann Tyler Motte Gabriel Vilardi Connor Carrick Keaton Middleton
Goaltenders
Starting : Adin Hill
Backup : Daniel Altshuller
Extra Forwards
Normal : Zach Aston-Reese, Brett Leason, Michael Dal Colle - PP : Zach Aston-Reese, Brett Leason - PK : Michael Carcone
Extra Defensemen
Normal : Kevin Bahl, Jonathan Racine, Mattias Samuelsson - PP : Connor Carrick - PK : Jonathan Racine, Kevin Bahl
Penalty Shots
Jack Hughes, Gabriel Vilardi, Jared McCann, Pius Suter, Brett Leason
Custom OT Lines Forwards
Jared McCann, Michael Carcone, Zach Aston-Reese, Tyler Motte, Sam Steel, Jack Hughes, Matteson Iacopelli, Pius Suter, Michael Dal Colle, Brett Leason
Custom OT Lines Defensemen
Connor Carrick, Jack Dougherty, Keaton Middleton, Jonathan Racine, Mattias Samuelsson
Scratches
Chris Calhan (Healthy), Dominik Kubalik (Healthy), Mark Friedman (Healthy), Tyler Tucker (Healthy), Xavier Ouellet (Healthy)
Alexander Nylander (Healthy), Max Lajoie (Healthy), Pascal Laberge (Healthy), Marian Studenic (Healthy), Ilya Nikolaev (Healthy)
Santeri Hatakka (Healthy), Jacob Leguerrier (Healthy), Elmer Soderblom (Back Surgery Injury), Zachary Emond (Healthy), Linus Ullmark (Healthy)
Hugo Alnefelt (Healthy)
% Time on Ice - Marlies
Lines # - Real PCT - Wanted PCT - Time Play
Normal Forward
1 - 39% - 40% - 18:31
2 - 26% - 30% - 12:38
3 - 21% - 20% - 10:00
4 - 14% - 10% - 6:56
Normal Defense
1 - 39% - 40% - 18:35
2 - 34% - 30% - 16:09
3 - 24% - 20% - 11:34
4 - 4% - 10% - 1:47
PP Forward
1 - 59% - 60% - 1:18
2 - 41% - 40% - 0:54
PP Defense
1 - 65% - 60% - 1:26
2 - 35% - 40% - 0:46
PK Forward
1 - 80% - 60% - 6:59
2 - 20% - 40% - 1:44
PK Defense
1 - 55% - 60% - 4:49
2 - 45% - 40% - 3:54
PK3 Forward
1 - 0% - 60%
2 - 0% - 40%
PK3 Defense
1 - 0% - 60%
2 - 0% - 40%
44 Forward
1 - 0% - 60%
2 - 0% - 40%
44 Defense
1 - 0% - 60%
2 - 0% - 40%
Last Minute Offensive - 1:00
Last Minute Defensive - 0:00
Total
Forward - 60:00
Defense - 60:00
|
% Time on Ice - Eagles
Lines # - Real PCT - Wanted PCT - Time Play
Normal Forward
1 - 33% - 35% - 15:52
2 - 30% - 34% - 14:32
3 - 22% - 21% - 10:43
4 - 14% - 10% - 6:55
Normal Defense
1 - 34% - 33% - 16:13
2 - 34% - 32% - 16:10
3 - 31% - 30% - 14:45
4 - 2% - 5% - 0:54
PP Forward
1 - 41% - 50% - 3:37
2 - 59% - 50% - 5:06
PP Defense
1 - 48% - 50% - 4:13
2 - 52% - 50% - 4:30
PK Forward
1 - 100% - 65% - 2:12
2 - 0% - 35% - 0:00
PK Defense
1 - 55% - 65% - 1:12
2 - 45% - 35% - 1:00
PK3 Forward
1 - 0% - 65%
2 - 0% - 35%
PK3 Defense
1 - 0% - 70%
2 - 0% - 30%
44 Forward
1 - 0% - 50%
2 - 0% - 50%
44 Defense
1 - 0% - 50%
2 - 0% - 50%
Last Minute Offensive - 0:00
Last Minute Defensive - 1:03
Total
Forward - 60:00
Defense - 60:00
|
Play-by-Play
1st period
0:01 of 1st period - Jared McCann wins face-off versus Aleksi Saarela in neutral zone.
0:29 of 1st period - Backhand shot by Sam Steel.
0:29 of 1st period - Stopped by Logan Thompson without a rebound.
0:30 of 1st period - Lias Andersson wins face-off versus Sam Steel in Marlies zone.
1:01 of 1st period - Backhand shot by Alex Formenton.
1:01 of 1st period - Shot Misses the Net.
1:05 of 1st period - Wrist shot by Alex Formenton.
1:05 of 1st period - Shot Misses the Net.
1:17 of 1st period - Slapshot by Michael Dal Colle.
1:17 of 1st period - Shot Blocked by Jacob Bernard-Docker.
1:41 of 1st period - Slapshot by Aleksi Saarela.
1:41 of 1st period - Stopped by Adin Hill with a rebound.
4:49 of 1st period - Off-side.
4:50 of 1st period - Matthew Highmore wins face-off versus Matthew Phillips in neutral zone.
4:53 of 1st period - Snap shot by Alex Formenton.
4:53 of 1st period - Shot Hit the Post.
5:37 of 1st period - Icing by Tyler Motte.
5:38 of 1st period - Jack Hughes wins face-off versus Isac Lundestrom in Eagles zone.
5:50 of 1st period - Snap shot by Otto Koivula.
5:50 of 1st period - Shot Misses the Net.
5:52 of 1st period - Slapshot by Dmitri Samorukov.
5:52 of 1st period - Shot Misses the Net.
6:08 of 1st period - Jared McCann is hit by Martin Necas and loses puck.
6:22 of 1st period - Off-side.
6:23 of 1st period - Mathieu Olivier wins face-off versus Sam Steel in neutral zone.
6:26 of 1st period - Wrist shot by Tyler Benson.
6:26 of 1st period - Stopped by Adin Hill without a rebound.
6:27 of 1st period - Lias Andersson wins face-off versus Sam Steel in Eagles zone.
6:56 of 1st period - Snap shot by Tyler Benson.
6:56 of 1st period - Shot Misses the Net.
7:09 of 1st period - Off-side.
7:10 of 1st period - Jared McCann wins face-off versus Aleksi Saarela in neutral zone.
7:13 of 1st period - Wrist shot by Gabriel Vilardi.
7:13 of 1st period - Shot Misses the Net.
7:15 of 1st period - Snap shot by Jared McCann.
7:15 of 1st period - Stopped by Logan Thompson with a rebound.
7:17 of 1st period - Slapshot by Kevin Bahl.
7:17 of 1st period - Stopped by Logan Thompson with a rebound.
7:19 of 1st period - Wrist shot by Michael Carcone.
7:19 of 1st period - Stopped by Logan Thompson without a rebound.
7:20 of 1st period - Jared McCann wins face-off versus Aleksi Saarela in Marlies zone.
7:21 of 1st period - Snap shot by Gabriel Vilardi.
7:21 of 1st period - Shot Misses the Net.
9:15 of 1st period - Minor Penalty to Dennis Gilbert for High sticking.
9:16 of 1st period - Pius Suter wins face-off versus Matthew Highmore in Marlies zone.
9:42 of 1st period - Matthew Phillips is hit by Tyler Benson and loses puck.
11:15 of 1st period - Penalty to Dennis Gilbert is over, Dennis Gilbert is back on ice.
12:16 of 1st period - Otto Koivula is hit by Keaton Middleton and loses puck.
12:24 of 1st period - Icing by Matthew Highmore.
12:25 of 1st period - Jared McCann wins face-off versus Matthew Highmore in Marlies zone.
12:26 of 1st period - Wrist shot by Gabriel Vilardi.
12:26 of 1st period - Shot Misses the Net.
12:28 of 1st period - Snap shot by Michael Carcone.
12:28 of 1st period - Stopped by Logan Thompson with a rebound.
12:32 of 1st period - Snap shot by Gabriel Vilardi.
12:32 of 1st period - Stopped by Logan Thompson with a rebound.
12:46 of 1st period - Sam Steel is hit by Aleksi Saarela and loses puck.
12:53 of 1st period - Wrist shot by Joel Farabee.
12:53 of 1st period - Stopped by Adin Hill with a rebound.
12:55 of 1st period - Slapshot by Pierre-Olivier Joseph.
12:55 of 1st period - Deflect By Joel Farabee.
12:55 of 1st period - Stopped by Adin Hill without a rebound.
12:56 of 1st period - Tyler Benson wins face-off versus Jack Hughes in Eagles zone.
13:25 of 1st period - Snap shot by Aleksi Saarela.
13:25 of 1st period - Stopped by Adin Hill with a rebound.
14:12 of 1st period - Off-side.
14:13 of 1st period - Jack Hughes wins face-off versus Aleksi Saarela in neutral zone.
14:51 of 1st period - Minor Penalty to Martin Necas for Tripping.
14:52 of 1st period - Jared McCann wins face-off versus Aleksi Saarela in Marlies zone.
14:58 of 1st period - Slapshot by Jared McCann.
14:58 of 1st period - Deflect By Michael Carcone.
14:58 of 1st period - Shot Blocked by Aleksi Saarela.
14:58 of 1st period - Puck is out of play.
14:59 of 1st period - Aleksi Saarela wins face-off versus Gabriel Vilardi in Marlies zone.
15:14 of 1st period - Snap shot by Jared McCann.
15:14 of 1st period - Deflect By Gabriel Vilardi.
15:14 of 1st period - Shot Blocked by Lucas Carlsson.
15:14 of 1st period - Puck is out of play.
15:15 of 1st period - Jack Hughes wins face-off versus Aleksi Saarela in Marlies zone.
15:18 of 1st period - Wrist shot by Jack Hughes.
15:18 of 1st period - Shot Blocked by Pierre-Olivier Joseph.
15:30 of 1st period - Snap shot by Jack Hughes.
15:30 of 1st period - Shot Blocked by Aleksi Saarela.
16:40 of 1st period - Jack Dougherty is hit by Alex Formenton and loses puck.
16:51 of 1st period - Penalty to Martin Necas is over, Martin Necas is back on ice.
17:07 of 1st period - Backhand shot by Brett Leason.
17:07 of 1st period - Stopped by Logan Thompson with a rebound.
17:09 of 1st period - Slapshot by Keaton Middleton.
17:09 of 1st period - Shot Blocked by Otto Koivula.
17:11 of 1st period - Snap shot by Michael Dal Colle.
17:11 of 1st period - Shot Misses the Net.
17:18 of 1st period - Icing by Isac Lundestrom.
17:19 of 1st period - Matthew Highmore wins face-off versus Jared McCann in Marlies zone.
17:19 of 1st period - Matthew Highmore is hit by Jared McCann.
17:45 of 1st period - Snap shot by Michael Dal Colle.
17:45 of 1st period - Stopped by Logan Thompson with a rebound.
17:49 of 1st period - Wrist shot by Brett Leason.
17:49 of 1st period - Stopped by Logan Thompson with a rebound.
18:26 of 1st period - Pierre-Olivier Joseph is hit by Jack Hughes and loses puck.
18:53 of 1st period - Wrist shot by Jack Hughes.
18:53 of 1st period - Shot Misses the Net.
18:55 of 1st period - Wrist shot by Tyler Motte.
18:55 of 1st period - Deflect By Jack Hughes.
18:55 of 1st period - Goal by Jack Hughes - Marlies : 0 - Eagles : 1.
18:56 of 1st period - Lias Andersson wins face-off versus Jared McCann in neutral zone.
18:59 of 1st period - Wrist shot by Mathieu Olivier.
18:59 of 1st period - Stopped by Adin Hill without a rebound.
19:00 of 1st period - Jared McCann wins face-off versus Lias Andersson in Eagles zone.
19:00 of 1st period - Jared McCann is hit by Rasmus Dahlin.
19:06 of 1st period - Slapshot by Gabriel Vilardi.
19:06 of 1st period - Stopped by Logan Thompson with a rebound.
19:15 of 1st period - Slapshot by Rasmus Dahlin.
19:15 of 1st period - Shot Blocked by Keaton Middleton.
Goals for this period are 0 for Marlies vs 1 for Eagles.
Shots for this period are 6 for Marlies vs 11 for Eagles.
2nd period
0:01 of 2nd period - Jack Hughes wins face-off versus Tyler Benson in neutral zone.
0:33 of 2nd period - Snap shot by Matthew Phillips.
0:33 of 2nd period - Shot Misses the Net.
0:39 of 2nd period - Slapshot by Rasmus Dahlin.
0:39 of 2nd period - Stopped by Adin Hill without a rebound.
0:40 of 2nd period - Aleksi Saarela wins face-off versus Jack Hughes in Eagles zone.
0:41 of 2nd period - Wrist shot by Martin Necas.
0:41 of 2nd period - Stopped by Adin Hill without a rebound.
0:42 of 2nd period - Jack Hughes wins face-off versus Martin Necas in Eagles zone.
0:53 of 2nd period - Joel Farabee is hit by Mattias Samuelsson and loses puck.
1:16 of 2nd period - Wrist shot by Jared McCann.
1:16 of 2nd period - Shot Misses the Net.
1:18 of 2nd period - Wrist shot by Jared McCann.
1:18 of 2nd period - Stopped by Logan Thompson with a rebound.
1:20 of 2nd period - Snap shot by Gabriel Vilardi.
1:20 of 2nd period - Stopped by Logan Thompson with a rebound.
1:55 of 2nd period - Snap shot by Otto Koivula.
1:55 of 2nd period - Stopped by Adin Hill with a rebound.
1:57 of 2nd period - Slapshot by Isac Lundestrom.
1:57 of 2nd period - Shot Hit the Post.
2:13 of 2nd period - Jack Hughes is hit by Dmitri Samorukov and loses puck.
2:56 of 2nd period - Minor Penalty to Tyler Benson for Holding.
2:57 of 2nd period - Jared McCann wins face-off versus Aleksi Saarela in Marlies zone.
3:11 of 2nd period - Snap shot by Gabriel Vilardi.
3:11 of 2nd period - Stopped by Logan Thompson with a rebound.
3:13 of 2nd period - Snap shot by Gabriel Vilardi.
3:13 of 2nd period - Shot Misses the Net.
3:33 of 2nd period - Wrist shot by Jack Hughes.
3:33 of 2nd period - Goal by Jack Hughes - Marlies : 0 - Eagles : 2.
3:34 of 2nd period - Lias Andersson wins face-off versus Jack Hughes in neutral zone.
3:45 of 2nd period - Snap shot by Mathieu Olivier.
3:45 of 2nd period - Shot Misses the Net.
3:47 of 2nd period - Wrist shot by Lias Andersson.
3:47 of 2nd period - Goal by Lias Andersson - Marlies : 1 - Eagles : 2.
3:48 of 2nd period - Jared McCann wins face-off versus Aleksi Saarela in neutral zone.
4:40 of 2nd period - Alex Formenton is hit by Connor Carrick and loses puck.
6:04 of 2nd period - Dmitri Samorukov is hit by Gabriel Vilardi and loses puck.
6:39 of 2nd period - Tyler Motte is hit by Dennis Gilbert and loses puck.
6:56 of 2nd period - Zach Aston-Reese is hit by Tyler Benson and loses puck.
7:01 of 2nd period - Wrist shot by Tyler Benson.
7:01 of 2nd period - Stopped by Adin Hill with a rebound.
7:03 of 2nd period - Wrist shot by Tyler Benson.
7:03 of 2nd period - Deflect By Lias Andersson.
7:03 of 2nd period - Shot Misses the Net.
7:03 of 2nd period - Puck is out of play.
7:04 of 2nd period - Aleksi Saarela wins face-off versus Jack Hughes in Eagles zone.
7:16 of 2nd period - Icing by Connor Carrick.
7:17 of 2nd period - Aleksi Saarela wins face-off versus Matteson Iacopelli in Eagles zone.
7:22 of 2nd period - Wrist shot by Aleksi Saarela.
7:22 of 2nd period - Shot Misses the Net.
7:30 of 2nd period - Snap shot by Joel Farabee.
7:30 of 2nd period - Stopped by Adin Hill without a rebound.
7:31 of 2nd period - Jared McCann wins face-off versus Lias Andersson in Eagles zone.
7:44 of 2nd period - Slapshot by Pierre-Olivier Joseph.
7:44 of 2nd period - Shot Misses the Net.
7:46 of 2nd period - Slapshot by Tyler Benson.
7:46 of 2nd period - Shot Misses the Net.
8:03 of 2nd period - Wrist shot by Matteson Iacopelli.
8:03 of 2nd period - Shot Hit the Post.
8:05 of 2nd period - Wrist shot by Matteson Iacopelli.
8:05 of 2nd period - Stopped by Logan Thompson with a rebound.
8:23 of 2nd period - Slapshot by Keaton Middleton.
8:23 of 2nd period - Stopped by Logan Thompson with a rebound.
8:40 of 2nd period - Off-side.
8:41 of 2nd period - Matthew Highmore wins face-off versus Zach Aston-Reese in neutral zone.
8:56 of 2nd period - Wrist shot by Jack Dougherty.
8:56 of 2nd period - Deflect By Brett Leason.
8:56 of 2nd period - Stopped by Logan Thompson without a rebound.
8:57 of 2nd period - Jared McCann wins face-off versus Aleksi Saarela in Marlies zone.
9:12 of 2nd period - Rasmus Dahlin is hit by Jack Dougherty and loses puck.
9:23 of 2nd period - Jack Hughes is hit by Lias Andersson and loses puck.
10:11 of 2nd period - Snap shot by Arthur Kaliyev.
10:11 of 2nd period - Shot Misses the Net.
10:47 of 2nd period - Snap shot by Matthew Highmore.
10:47 of 2nd period - Shot Misses the Net.
10:51 of 2nd period - Snap shot by Alex Formenton.
10:51 of 2nd period - Stopped by Adin Hill with a rebound.
10:53 of 2nd period - Snap shot by Kole Sherwood.
10:53 of 2nd period - Stopped by Adin Hill with a rebound.
10:55 of 2nd period - Snap shot by Kole Sherwood.
10:55 of 2nd period - Shot Misses the Net.
10:57 of 2nd period - Snap shot by Matthew Highmore.
10:57 of 2nd period - Shot Misses the Net.
11:19 of 2nd period - Mathieu Olivier is hit by Matteson Iacopelli.
11:26 of 2nd period - Icing by Jonathan Racine.
11:27 of 2nd period - Jack Hughes wins face-off versus Isac Lundestrom in Eagles zone.
11:36 of 2nd period - Slapshot by Sam Steel.
11:36 of 2nd period - Shot Blocked by Rasmus Dahlin.
12:23 of 2nd period - Snap shot by Zach Aston-Reese.
12:23 of 2nd period - Shot Misses the Net.
12:25 of 2nd period - Wrist shot by Brett Leason.
12:25 of 2nd period - Deflect By Zach Aston-Reese.
12:25 of 2nd period - Shot Blocked by Rasmus Dahlin.
12:25 of 2nd period - Puck is out of play.
12:26 of 2nd period - Lias Andersson wins face-off versus Jared McCann in Marlies zone.
12:33 of 2nd period - Slapshot by Jared McCann.
12:33 of 2nd period - Stopped by Logan Thompson without a rebound.
12:34 of 2nd period - Gabriel Vilardi wins face-off versus Lias Andersson in Marlies zone.
12:35 of 2nd period - Wrist shot by Jared McCann.
12:35 of 2nd period - Goal by Jared McCann - Marlies : 1 - Eagles : 3.
12:36 of 2nd period - Aleksi Saarela wins face-off versus Jared McCann in neutral zone.
12:57 of 2nd period - Pierre-Olivier Joseph is hit by Jared McCann and loses puck.
13:37 of 2nd period - Snap shot by Alex Formenton.
13:37 of 2nd period - Shot Blocked by Keaton Middleton.
13:39 of 2nd period - Slapshot by Pierre-Olivier Joseph.
13:39 of 2nd period - Stopped by Adin Hill with a rebound.
13:53 of 2nd period - Wrist shot by Zach Aston-Reese.
13:53 of 2nd period - Shot Misses the Net.
13:55 of 2nd period - Slapshot by Connor Carrick.
13:55 of 2nd period - Shot Blocked by Dennis Gilbert.
13:57 of 2nd period - Snap shot by Michael Dal Colle.
13:57 of 2nd period - Stopped by Logan Thompson without a rebound.
13:58 of 2nd period - Aleksi Saarela wins face-off versus Jared McCann in Marlies zone.
14:24 of 2nd period - Lucas Carlsson is hit by Pius Suter and loses puck.
14:43 of 2nd period - Minor Penalty to Dennis Gilbert for Hooking.
14:44 of 2nd period - Jared McCann wins face-off versus Aleksi Saarela in Marlies zone.
16:43 of 2nd period - Penalty to Dennis Gilbert is over, Dennis Gilbert is back on ice.
16:53 of 2nd period - Brett Leason is hit by Dennis Gilbert and loses puck.
17:14 of 2nd period - Minor Penalty to Mattias Samuelsson for Cross-checking.
17:15 of 2nd period - Jared McCann wins face-off versus Aleksi Saarela in Eagles zone.
17:42 of 2nd period - Jared McCann is hit by Tyler Benson and loses puck.
19:14 of 2nd period - Penalty to Mattias Samuelsson is over, Mattias Samuelsson is back on ice.
19:22 of 2nd period - Keaton Middleton is hit by Isac Lundestrom and loses puck.
19:50 of 2nd period - Backhand shot by Kole Sherwood.
19:50 of 2nd period - Goal by Kole Sherwood - Marlies : 2 - Eagles : 3.
19:51 of 2nd period - Jared McCann wins face-off versus Lias Andersson in neutral zone.
Goals for this period are 2 for Marlies vs 2 for Eagles.
Shots for this period are 10 for Marlies vs 10 for Eagles.
3rd period
0:01 of 3rd period - Lias Andersson wins face-off versus Jack Hughes in neutral zone.
0:59 of 3rd period - Icing by Matthew Highmore.
1:00 of 3rd period - Matthew Highmore wins face-off versus Jack Hughes in Marlies zone.
1:36 of 3rd period - Snap shot by Tyler Benson.
1:36 of 3rd period - Shot Misses the Net.
1:50 of 3rd period - Snap shot by Sam Steel.
1:50 of 3rd period - Shot Misses the Net.
1:52 of 3rd period - Slapshot by Keaton Middleton.
1:52 of 3rd period - Shot Misses the Net.
1:54 of 3rd period - Slapshot by Keaton Middleton.
1:54 of 3rd period - Shot Blocked by Pierre-Olivier Joseph.
1:58 of 3rd period - Snap shot by Sam Steel.
1:58 of 3rd period - Shot Blocked by Rasmus Dahlin.
2:04 of 3rd period - Minor Penalty to Aleksi Saarela for Tripping.
2:05 of 3rd period - Jared McCann wins face-off versus Matthew Highmore in Marlies zone.
2:16 of 3rd period - Slapshot by Jared McCann.
2:16 of 3rd period - Shot Blocked by Tyler Benson.
2:51 of 3rd period - Slapshot by Mattias Samuelsson.
2:51 of 3rd period - Stopped by Logan Thompson with a rebound.
4:04 of 3rd period - Penalty to Aleksi Saarela is over, Aleksi Saarela is back on ice.
4:47 of 3rd period - Snap shot by Aleksi Saarela.
4:47 of 3rd period - Stopped by Adin Hill without a rebound.
4:48 of 3rd period - Lias Andersson wins face-off versus Sam Steel in Eagles zone.
4:49 of 3rd period - Snap shot by Tyler Benson.
4:49 of 3rd period - Shot Blocked by Kevin Bahl.
4:51 of 3rd period - Slapshot by Mathieu Olivier.
4:51 of 3rd period - Goal by Mathieu Olivier - Marlies : 3 - Eagles : 3.
4:52 of 3rd period - Lias Andersson wins face-off versus Jack Hughes in neutral zone.
4:55 of 3rd period - Mattias Samuelsson is hit by Pierre-Olivier Joseph and loses puck.
5:02 of 3rd period - Slapshot by Jack Dougherty.
5:02 of 3rd period - Stopped by Logan Thompson with a rebound.
5:06 of 3rd period - Backhand shot by Jack Hughes.
5:06 of 3rd period - Stopped by Logan Thompson without a rebound.
5:07 of 3rd period - Martin Necas wins face-off versus Jared McCann in Marlies zone.
5:07 of 3rd period - Martin Necas is hit by Michael Carcone.
5:23 of 3rd period - Snap shot by Aleksi Saarela.
5:23 of 3rd period - Stopped by Adin Hill with a rebound.
5:37 of 3rd period - Snap shot by Alex Formenton.
5:37 of 3rd period - Stopped by Adin Hill without a rebound.
5:38 of 3rd period - Jack Hughes wins face-off versus Matthew Highmore in Eagles zone.
6:03 of 3rd period - Tyler Benson is hit by Sam Steel and loses puck.
6:52 of 3rd period - Wrist shot by Isac Lundestrom.
6:52 of 3rd period - Shot Misses the Net.
7:02 of 3rd period - Snap shot by Tyler Benson.
7:02 of 3rd period - Stopped by Adin Hill with a rebound.
7:20 of 3rd period - Snap shot by Jared McCann.
7:20 of 3rd period - Stopped by Logan Thompson without a rebound.
7:21 of 3rd period - Joel Farabee wins face-off versus Jack Hughes in Marlies zone.
8:15 of 3rd period - Snap shot by Rasmus Dahlin.
8:15 of 3rd period - Deflect By Kole Sherwood.
8:15 of 3rd period - Stopped by Adin Hill with a rebound.
8:17 of 3rd period - Snap shot by Matthew Highmore.
8:17 of 3rd period - Deflect By Kole Sherwood.
8:17 of 3rd period - Shot Misses the Net.
8:17 of 3rd period - Puck is out of play.
8:18 of 3rd period - Jack Hughes wins face-off versus Lias Andersson in Eagles zone.
8:27 of 3rd period - Slapshot by Matteson Iacopelli.
8:27 of 3rd period - Deflect By Tyler Motte.
8:27 of 3rd period - Shot Misses the Net.
8:27 of 3rd period - Puck is out of play.
8:28 of 3rd period - Lias Andersson wins face-off versus Jack Hughes in Marlies zone.
8:53 of 3rd period - Snap shot by Mathieu Olivier.
8:53 of 3rd period - Stopped by Adin Hill with a rebound.
8:55 of 3rd period - Slapshot by Lucas Carlsson.
8:55 of 3rd period - Shot Misses the Net.
9:01 of 3rd period - Wrist shot by Tyler Benson.
9:01 of 3rd period - Shot Blocked by Jack Hughes.
9:03 of 3rd period - Wrist shot by Lias Andersson.
9:03 of 3rd period - Stopped by Adin Hill with a rebound.
9:05 of 3rd period - Snap shot by Tyler Benson.
9:05 of 3rd period - Shot Misses the Net.
9:07 of 3rd period - Snap shot by Dennis Gilbert.
9:07 of 3rd period - Shot Blocked by Kevin Bahl.
9:09 of 3rd period - Wrist shot by Dennis Gilbert.
9:09 of 3rd period - Shot Blocked by Kevin Bahl.
9:11 of 3rd period - Snap shot by Tyler Benson.
9:11 of 3rd period - Stopped by Adin Hill without a rebound.
9:12 of 3rd period - Jared McCann wins face-off versus Aleksi Saarela in Eagles zone.
9:12 of 3rd period - Jared McCann is hit by Martin Necas.
9:20 of 3rd period - Slapshot by Rasmus Dahlin.
9:20 of 3rd period - Shot Blocked by Keaton Middleton.
9:29 of 3rd period - Minor Penalty to Michael Carcone for Holding.
9:30 of 3rd period - Jared McCann wins face-off versus Aleksi Saarela in Eagles zone.
9:38 of 3rd period - Slapshot by Pierre-Olivier Joseph.
9:38 of 3rd period - Shot Misses the Net.
9:40 of 3rd period - Snap shot by Aleksi Saarela.
9:40 of 3rd period - Shot Hit the Post.
9:42 of 3rd period - Slapshot by Rasmus Dahlin.
9:42 of 3rd period - Deflect By Connor Carrick.
9:42 of 3rd period - Marlies goal is going for a video replay.
9:42 of 3rd period - The goal is good.
9:42 of 3rd period - Goal by Rasmus Dahlin - Marlies : 4 - Eagles : 3.
9:43 of 3rd period - Aleksi Saarela wins face-off versus Jack Hughes in neutral zone.
11:01 of 3rd period - Wrist shot by Arthur Kaliyev.
11:01 of 3rd period - Stopped by Adin Hill without a rebound.
11:02 of 3rd period - Aleksi Saarela wins face-off versus Jack Hughes in Eagles zone.
11:03 of 3rd period - Slapshot by Pierre-Olivier Joseph.
11:03 of 3rd period - Shot Misses the Net.
11:49 of 3rd period - Minor Penalty to Aleksi Saarela for Cross-checking.
11:50 of 3rd period - Michael Carcone wins face-off versus Matthew Highmore in Marlies zone.
11:59 of 3rd period - Snap shot by Jared McCann.
11:59 of 3rd period - Goal by Jared McCann - Marlies : 4 - Eagles : 4.
12:00 of 3rd period - Aleksi Saarela wins face-off versus Jack Hughes in neutral zone.
12:13 of 3rd period - Snap shot by Aleksi Saarela.
12:13 of 3rd period - Shot Blocked by Tyler Motte.
12:59 of 3rd period - Slapshot by Sam Steel.
12:59 of 3rd period - Goal by Sam Steel - Marlies : 4 - Eagles : 5.
13:00 of 3rd period - Jack Hughes wins face-off versus Aleksi Saarela in neutral zone.
13:32 of 3rd period - Wrist shot by Gabriel Vilardi.
13:32 of 3rd period - Stopped by Logan Thompson with a rebound.
13:34 of 3rd period - Slapshot by Michael Carcone.
13:34 of 3rd period - Shot Blocked by Tyler Benson.
13:53 of 3rd period - Slapshot by Dennis Gilbert.
13:53 of 3rd period - Stopped by Adin Hill without a rebound.
13:54 of 3rd period - Aleksi Saarela wins face-off versus Jack Hughes in Eagles zone.
13:55 of 3rd period - Snap shot by Martin Necas.
13:55 of 3rd period - Deflect By Joel Farabee.
13:55 of 3rd period - Shot Misses the Net.
13:55 of 3rd period - Puck is out of play.
13:56 of 3rd period - Aleksi Saarela wins face-off versus Jack Hughes in Eagles zone.
14:07 of 3rd period - Wrist shot by Matteson Iacopelli.
14:07 of 3rd period - Shot Misses the Net.
15:27 of 3rd period - Aleksi Saarela is hit by Tyler Motte and loses puck.
15:41 of 3rd period - Off-side.
15:42 of 3rd period - Jared McCann wins face-off versus Lias Andersson in neutral zone.
15:55 of 3rd period - Jack Dougherty is hit by Tyler Benson and loses puck.
16:42 of 3rd period - Slapshot by Arthur Kaliyev.
16:42 of 3rd period - Shot Misses the Net.
17:04 of 3rd period - Wrist shot by Gabriel Vilardi.
17:04 of 3rd period - Shot Blocked by Dmitri Samorukov.
17:56 of 3rd period - Slapshot by Keaton Middleton.
17:56 of 3rd period - Stopped by Logan Thompson without a rebound.
17:57 of 3rd period - Sam Steel wins face-off versus Isac Lundestrom in Marlies zone.
18:00 of 3rd period - Snap shot by Sam Steel.
18:00 of 3rd period - Shot Misses the Net.
18:02 of 3rd period - Slapshot by Jonathan Racine.
18:02 of 3rd period - Shot Misses the Net.
18:04 of 3rd period - Slapshot by Jonathan Racine.
18:04 of 3rd period - Stopped by Logan Thompson with a rebound.
18:06 of 3rd period - Snap shot by Kevin Bahl.
18:06 of 3rd period - Shot Misses the Net.
18:26 of 3rd period - Snap shot by Aleksi Saarela.
18:26 of 3rd period - Shot Hit the Post.
18:28 of 3rd period - Wrist shot by Martin Necas.
18:28 of 3rd period - Stopped by Adin Hill without a rebound.
18:29 of 3rd period - Aleksi Saarela wins face-off versus Jared McCann in Eagles zone.
18:32 of 3rd period - Wrist shot by Martin Necas.
18:32 of 3rd period - Shot Misses the Net.
19:01 of 3rd period - Marlies, Logan Thompson is pulled from the net.
19:11 of 3rd period - Wrist shot by Martin Necas.
19:11 of 3rd period - Stopped by Adin Hill without a rebound.
19:12 of 3rd period - Guy Boucher call a timeout for Marlies.
19:12 of 3rd period - Jared McCann wins face-off versus Aleksi Saarela in Eagles zone.
19:31 of 3rd period - Snap shot by Aleksi Saarela.
19:31 of 3rd period - Stopped by Adin Hill with a rebound.
19:33 of 3rd period - Snap shot by Martin Necas.
19:33 of 3rd period - Shot Misses the Net.
19:52 of 3rd period - Snap shot by Tyler Motte.
19:52 of 3rd period - Goal by Tyler Motte - Marlies : 4 - Eagles : 6.
19:52 of 3rd period - Logan Thompson from Marlies was sent back in the game.
19:53 of 3rd period - Matthew Highmore wins face-off versus Sam Steel in neutral zone.
Goals for this period are 2 for Marlies vs 3 for Eagles.
Shots for this period are 15 for Marlies vs 10 for Eagles.